Map: King's Cove LE

Players

Algonshi - Winner!

  • Race: Zerg Zerg
  • League: Platinum
  • Spawn Location: 11:00

Mesrob

  • Race: Terran Terran
  • League: Platinum
  • Spawn Location: 5:00

VOD

Have the link to the VOD?

Description

Time

  • Played on: Jan. 24, 2019, 1:13 a.m.
  • Length: 11:46
Show
View Real Time Build Order
Export as new Build Order

Algonshi Zerg - Winner!

Build Orders: Hatch First 

Get SALT Encoding   

  12  0:01  Drone  
  13  0:13  Overlord  
  13  0:18  Drone  
  14  0:35  Drone x3  
  17  0:54  Hatchery  
  16  0:58  Extractor  
  16  1:00  Drone  
  16  1:03  Drone  
  17  1:19  Spawning Pool  
  17  1:21  Drone  
  17  1:25  Drone  
  18  1:30  Drone  
  19  1:40  Overlord  
  19  2:05  Metabolic Boost  
  19  2:07  Queen x2  
  23  2:09  Zergling x2  
  23  2:13  Zergling x2  
  25  2:18  Drone  
  25  2:20  Drone  
  27  2:23  Drone  
  27  2:27  Drone  
  29  2:31  Drone  
  30  2:41  Drone x2  
  32  2:54  Queen x2  
  36  3:10  Overlord x2  
  35  3:16  Overlord  
  35  3:33  Hatchery  
  34  3:41  Drone  
  34  3:42  Drone x6  
  34  3:44  Zergling x2  
  42  3:59  Evolution Chamber, Roach Warren, Drone  
  42  4:01  Zergling x2  
  42  4:32  Zerg Missile Weapons Level 1  
  42  4:34  Extractor  
  42  4:35  Drone x5  
  42  4:36  Zergling x6  
  42  4:37  Zergling x2, Overlord x2  
  50  4:40  Lair  
  50  4:54  Drone x7  
  50  4:58  Extractor  
  56  5:06  Roach  
  60  5:07  Roach x2  
  62  5:15  Roach  
  62  5:16  Roach x4  
  72  5:26  Roach x4  
  80  5:34  Roach  
  80  5:35  Overlord x2  
  79  5:47  Roach  
  79  5:48  Overlord  
  79  5:49  Overlord x2  
  81  5:57  Drone x2  
  81  5:58  Drone x3  
  81  6:00  Roach x2  
  90  6:10  Drone x2  
  92  6:12  Extractor  
  91  6:27  Drone x4  
  91  6:28  Roach x2  
  91  6:29  Roach x4  
  107  6:41  Drone  
  107  6:42  Drone x3  
  111  6:50  Extractor  
  107  7:01  Glial Reconstitution  
  107  7:03  Zerg Ground Armor Level 1  
  107  7:06  Drone x11  
  118  7:25  Roach  
  118  7:26  Overlord x2  
  118  7:27  Overlord x2  
  120  7:31  Extractor  
  119  7:41  Hatchery  
  118  7:44  Hydralisk Den  
  118  7:47  Evolution Chamber  
  118  7:48  Baneling Nest  
  115  7:56  Infestation Pit  
  114  8:11  Roach  
  116  8:16  Zergling x4  
  116  8:17  Zergling x28  
  132  8:30  Muscular Augments  
  132  8:32  Hydralisk x8  
  148  8:35  Overlord x3  
  148  8:57  Zerg Missile Weapons Level 2  
  148  9:05  Centrifical Hooks  
  148  9:14  Baneling  
  148  9:15  Baneling x19  
  148  9:16  Baneling x14  
  148  9:18  Drone  
  148  9:19  Drone x13  
  162  9:42  Grooved Spines  
  162  9:44  Extractor  
  161  9:47  Extractor  
  160  10:04  Hive  
  160  10:11  Lurker Den  
  159  10:25  Zergling x2  
  159  10:26  Hydralisk  
  159  10:27  Hydralisk x7  
  176  10:29  Overlord  
  176  10:30  Overlord x4  
  140  11:05  Zergling x2  
  140  11:06  Zergling x24  
Show
View Real Time Build Order
Export as new Build Order

Mesrob Terran 

Build Orders: 2 Factory, Reaper Expand 

Get SALT Encoding   

  12  0:01  SCV  
  13  0:13  SCV  
  14  0:18  Supply Depot  
  14  0:25  SCV  
  15  0:40  SCV  
  15  0:41  Barracks  
  16  0:52  SCV  
  17  0:57  Refinery  
  17  1:04  SCV  
  18  1:16  SCV  
  19  1:29  Supply Depot  
  19  1:39  Orbital Command  
  19  1:40  Reaper  
  20  1:51  Command Center  
  20  2:02  Refinery  
  20  2:07  SCV  
  21  2:18  Factory  
  21  2:20  SCV  
  22  2:32  Barracks Reactor, SCV  
  23  2:44  SCV  
  24  2:56  SCV  
  25  3:22  Orbital Command  
  25  3:25  Engineering Bay  
  25  3:27  Barracks Tech Lab, Factory  
  25  3:29  Hellion x2  
  25  3:33  SCV  
  30  3:46  SCV  
  31  3:53  Hellion x2  
  35  3:58  Barracks Tech Lab, SCV  
  35  3:59  Orbital Command  
  36  4:10  Factory, SCV  
  37  4:17  Hellion  
  37  4:18  Hellion  
  37  4:21  Cyclone  
  37  4:22  SCV  
  45  4:25  Supply Depot  
  45  4:34  SCV  
  45  4:37  Armory  
  46  4:47  SCV x2  
  46  4:52  Supply Depot x2  
  48  4:57  Cyclone  
  48  4:59  SCV x2  
  53  5:01  Factory Tech Lab  
  53  5:09  Factory  
  53  5:11  SCV  
  54  5:16  Hellion  
  54  5:17  Hellion  
  58  5:49  Cyclone  
  57  5:50  Cyclone  
  57  5:52  Hellion x2  
  64  6:00  Cyclone  
  67  6:06  Barracks Reactor  
  67  6:12  Supply Depot  
  67  6:13  Factory  
  67  6:19  Supply Depot  
  67  6:21  SCV x2  
  69  6:27  Refinery x2  
  69  6:33  SCV  
  69  6:34  SCV, Cyclone  
  69  6:35  Supply Depot  
  69  6:39  Command Center  
  74  6:43  Supply Depot  
  74  6:58  Supply Depot  
  74  7:00  Thor  
  80  7:06  Hellion x2  
  84  7:09  Cyclone  
  84  7:15  SCV x2  
  89  7:24  Hellion  
  89  7:27  Hellion, SCV x2  
  95  7:39  SCV x2  
  95  7:41  Cyclone  
  100  7:49  Barracks Tech Lab  
  101  7:51  SCV x2  
  101  7:52  Factory  
  101  7:53  Terran Vehicle Weapons Level 1  
  102  8:02  Cyclone  
  102  8:03  SCV  
  106  8:14  Sensor Tower  
  106  8:21  Refinery  
  106  8:24  Hellion x3  
  106  8:25  Hellion, Refinery  
  106  8:27  Cyclone  
  117  8:40  Supply Depot  
  117  8:45  Sensor Tower  
  117  9:00  Command Center  
  117  9:03  Supply Depot  
  117  9:04  Cyclone x3  
  117  9:07  Hellion  
  117  9:09  Hellion  
  130  9:12  Hellion  
  132  9:26  Supply Depot  
  132  9:31  SCV  
  132  9:34  Refinery  
  132  9:36  Refinery  
  132  9:37  SCV x2  
  135  9:43  SCV  
  136  9:47  Terran Vehicle And Ship Armor Level 1  
  136  9:49  SCV x2  
  138  9:53  Cyclone  
  138  9:55  SCV, Cyclone  
  138  9:58  Cyclone  
  148  10:01  SCV  
  148  10:06  Supply Depot  
  149  10:11  Supply Depot, SCV x2  
  149  10:13  SCV  
  152  10:16  Supply Depot  
  152  10:23  SCV x2  
  152  10:26  Planetary Fortress  
  152  10:27  SCV  
  155  10:34  Cyclone x3  
  155  10:35  Supply Depot x2, SCV x2  
  164  10:37  Cyclone  
  164  10:39  Hellion  
  164  10:40  Supply Depot  
  78  11:06  Cyclone x3  
Tags
 
Add a new tag
Caveats
  • Supply blocks, unpowered buildings, or Contaminate may cause inaccurate times.
  • Supply counts are checked every 10 seconds.